 Dungeon Crawl Stone Soup version 0.28-b1-25-g9875b3fc8c (webtiles) character file.

Game seed: 5611410330730159374

634 sanka the Stinger (level 7, -3/40 HPs)
             Began as a Kobold Warper on Feb 7, 2022.
             Was an Initiate of Vehumet.
             Slain by a hound (4 damage)
             ... on level 4 of the Dungeon.
             The game lasted 00:10:15 (7916 turns).

sanka the Stinger (Kobold Warper)                   Turns: 7916, Time: 00:10:16

Health: -3/40      AC:  3    Str:  8    XL:     7   Next: 79%
Magic:  4/11       EV: 15    Int: 23    God:    Vehumet [......]
Gold:   197        SH:  0    Dex: 14    Spells: 8/12 levels left

rFire   . . .      SeeInvis +   l - +1 dagger (drain)
rCold   . . .      Faith    .   (no shield)
rNeg    . . .      Spirit   .   u - +0 robe
rPois   .          Reflect  .   (no helmet)
rElec   .          Harm     .   (no cloak)
rCorr   .          Rampage  .   t - +0 pair of gloves
Will    .....                   (no boots)
Stlth   ++........              (no amulet)
HPRegen 0.13/turn               d - ring of see invisible
MPRegen 0.12/turn               g - +6 ring of intelligence

@: lethally poisoned (-3 -> -10), attractive
A: small, no large weapons, nightstalker 3
a: Renounce Religion


You were on level 4 of the Dungeon.
You worshipped Vehumet.
Vehumet was noncommittal.
You visited 2 branches of the dungeon, and saw 6 of its levels.

You collected 197 gold pieces.

Inventory:

Hand Weapons
 l - a +1 dagger of draining (weapon)
Missiles
 a - 3 throwing nets
 c - 5 boomerangs of dispersal
 s - 2 curare-tipped darts
Armour
 t - a +0 pair of gloves (worn)
 u - a +0 robe (worn)
 w - the +0 leather armour of the Black Skies {rElec Regen+ Int-2 SInv}
   (You found it on level 4 of the Dungeon)

   Int:       It affects your intelligence (-2).
   rElec:     It insulates you from electricity.
   SInv:      It lets you see invisible.
   Regen:     It increases your rate of health regeneration.
Jewellery
 d - a ring of see invisible (left hand)
 g - a +6 ring of intelligence (right hand)
Wands
 k - a wand of digging (2)
 q - a wand of polymorph (14)
 x - a wand of flame (11)
Scrolls
 b - a scroll of blinking
 i - 5 scrolls of identify {unknown}
 j - 2 scrolls of magic mapping {unknown}
 m - a scroll of torment {unknown}
 p - a scroll of amnesia {unknown}
Potions
 e - a potion of flight {unknown}
 f - a potion of mutation {unknown}
 h - a potion of cancellation {unknown}
 n - a potion of heal wounds {unknown}
 o - a potion of brilliance {unknown}
 r - a potion of attraction
 v - a potion of resistance {unknown}


   Skills:
 + Level 2.9 Fighting
 - Level 1.1 Throwing
 - Level 0.7 Armour
 * Level 3.8 Dodging
 + Level 3.9 Unarmed Combat
 - Level 3.0 Spellcasting
 - Level 3.0 Translocations
 - Level 4.0 Air Magic
 - Level 4.0 Poison Magic


You had 8 spell levels left.
You knew the following spells:

 Your Spells              Type           Power      Damage    Failure   Level
a - Blink                 Tloc           34%        N/A       4%          2
b - Poisonous Vapours     Pois/Air       42%        N/A       3%          2

Your spell library contained the following spells:

 Spells                   Type           Power      Damage    Failure   Level
 Sting                    Tmut/Pois      48%        1d5       4%          1
 Gell's Gravitas          Tloc           17%        N/A       10%         3
 Lesser Beckoning         Tloc           17%        N/A       10%         3
 Teleport Other           Tloc           17%        N/A       10%         3
 Olgreb's Toxic Radiance  Pois           21%        N/A       22%         4
 Manifold Assault         Tloc           17%        N/A       67%         5


Dungeon Overview and Level Annotations

Branches:
Dungeon (5/15)             Temple (1/1) D:4

Altars:
Ashenzari
Cheibriados
Dithmenos
Elyvilon
Fedhas
Gozag
Hepliaklqana
Nemelex Xobeh
Ru
Trog
Uskayaw
Vehumet
Wu Jian
Xom
Yredelemnul
Zin
The Shining One

Annotations:
D:4 exclusion: necrophage
D:5 Sigmund


Innate Abilities, Weirdness & Mutations

You are small and have problems with some larger weapons.
You are completely attuned to the shadows.


Message History

Poisonous vapours surround Sigmund!
Sigmund looks as sick as possible!
Sigmund closely misses you.
You hit Sigmund.
Sigmund is moderately wounded.
A hound comes into view.
Sigmund closely misses you.
You hit Sigmund but do no damage. You drain Sigmund.
Sigmund is moderately wounded.
Sigmund hits you with a +0 scythe of venom!
You are poisoned.
You hit Sigmund.
Sigmund is heavily wounded.
You feel sick. The hound misses you.
Unknown command.
You closely miss Sigmund.
Sigmund is heavily wounded.
You feel sick. The hound misses you.
Sigmund hits you with a +0 scythe of venom!
You are lethally poisoned!
Unknown command.
* * * LOW HITPOINT WARNING * * *
You feel very sick. The hound closely misses you. Sigmund casts a spell at you.
You resist with some effort.
There is a stone staircase leading up here.
* * * LOW HITPOINT WARNING * * *
You feel very sick. The hound misses you. Sigmund misses you.
You climb upwards.
Level annotation: exclusion: necrophage
* * * LOW HITPOINT WARNING * * *
You feel very sick.
There is a stone staircase leading down here.
It was a potion of attraction.
You feel attractive to monsters.
* * * LOW HITPOINT WARNING * * *
You feel very sick. The hound bites you.
You die...

#.............##.........#
##....................####
##.................###
##...............##
##..............#
##..............#
#..........###..##
##..###..).## ##..##
##..## #h@..## ##..#
##..## #.....# ##.###
##..## #.....## #...###
##..## #..##..## ##....##
#####..## ##.####..##
##..... ......## #..#
##.)### #..... ##...##
#.## ##.).###....> #####
#.# ##.......... #.##
##.........


You could see a hound.

Vanquished Creatures
  3 scorpions (D:4)
  2 orc priests (D:4)
  Ijyb (D:3)
  Natasha (thrice) (D:4)
  A bullfrog skeleton (D:4)
  An orc wizard (D:3)
  An iguana (D:4)
  Terence (D:2)
  7 gnolls
  4 adders
  An adder skeleton (D:4)
  A worm (D:2)
  3 dart slugs
  5 orcs (D:3)
  2 ball pythons
  5 bats
  6 endoplasms
  2 giant cockroaches
  7 goblins
  8 hobgoblins
  8 jackals
  2 quokkas
  A frilled lizard (D:1)
  4 kobolds
  3 rats
82 creatures vanquished.

Notes
Turn   | Place    | Note
-------+----------+-------------------------------------------
     0 | D:1      | sanka the Kobold Warper began the quest for the Orb.
     0 | D:1      | Reached XP level 1. HP: 12/12 MP: 3/3
   317 | D:1      | Reached XP level 2. HP: 17/17 MP: 5/5
   509 | D:1      | Found a faded altar of an unknown god.
   694 | D:1      | Reached XP level 3. HP: 13/21 MP: 6/6
  1224 | D:1      | Learned a level 2 spell: Blink
  1227 | D:1      | Learned a level 2 spell: Poisonous Vapours
  1600 | D:2      | Noticed Terence
  1672 | D:2      | Killed Terence
  1673 | D:2      | Reached XP level 4. HP: 21/26 MP: 1/7
  1970 | D:2      | Reached skill level 1 in Poison Magic
  2019 | D:2      | Reached skill level 1 in Air Magic
  3307 | D:3      | Noticed Ijyb
  3338 | D:3      | Killed Ijyb
  3339 | D:3      | Reached XP level 5. HP: 27/30 MP: 1/9
  4784 | D:4      | Reached XP level 6. HP: 35/35 MP: 3/10
  5015 | D:4      | Noticed a necrophage
  5705 | D:4      | Reached XP level 7. HP: 40/40 MP: 2/11
  5859 | D:4      | Found a staircase to the Ecumenical Temple.
  5864 | Temple   | Entered the Ecumenical Temple
  5993 | Temple   | Became a worshipper of Vehumet
  6734 | D:4      | Found a shadowy altar of Dithmenos.
  7038 | D:4      | Noticed Natasha
  7044 | D:4      | Killed Natasha
  7269 | D:4      | Identified the +0 leather armour of the Black Skies {rElec
                  | Regen+ Int-2 SInv}
  7479 | D:4      | Noticed Natasha
  7488 | D:4      | Killed Natasha
  7655 | D:4      | Noticed Natasha
  7697 | D:4      | Killed Natasha
  7903 | D:5      | Entered Level 5 of the Dungeon
  7903 | D:5      | Noticed Sigmund
  7916 | D:4      | HP: 1/40 [poisoned by Sigmund]
  7916 | D:4      | Slain by a hound

Illustrated notes

Levels and vault maps discovered:
D:1:      dpeg_arrival_orchard, layout_loops_cross,
          hellmonk_ecumenical_altar_blasted, kennysheep_another_room,
          serial_bayou_pond_e, nicolae_figureground_sparkle
D:2:      layout_basic, uniq_terence
D:3:      layout_basic, eino_tiny_chamber, hangedman_decor_riveting,
          supply_closet_lemuel, minmay_fountain_box, uniq_ijyb
D:4:      layout_layer_cave, mainiacjoe_overflow_alcove_1,
          minmay_temple_entry_arrows, uniq_natasha
D:5:      layout_loops_corners, serial_shops, nicolae_shop_overgrown_old_shop,
          uniq_sigmund
Temple:   lightli_temple_of_artemis

Skill      XL: |  1  2  3  4  5  6  7 |
---------------+----------------------+-----
Unarmed Combat | 3 |  3.9
Poison Magic   | 1 2 3 4 |  4.0
Air Magic      | 1 2 3 4 |  4.0
Spellcasting   | 3 |  3.0
Dodging        | 3 |  3.8
Fighting       | |  2.9
Throwing       | |  1.1
Armour         | |  0.7
Translocations | |  3.0

Action                   |  1- 3 |  4- 6 |  7- 9 || total
-------------------------+-------+-------+-------++-------
Melee: Unarmed           |   112 |    70 |       ||   182
       Punch             |     2 |     1 |     2 ||     5
       Dagger            |       |    48 |    67 ||   115
 Cast: Poisonous Vapours |     3 |    66 |    34 ||   103
  Use: Potion            |       |       |     1 ||     1
 Stab: Sleeping          |     5 |     6 |       ||    11
Armor: Leather armour    |    24 |    11 |       ||    35
       Robe              |       |     6 |     7 ||    13
Dodge: Dodged            |    82 |    97 |    49 ||   228
